 Dungeon Crawl Stone Soup version 0.28-a0-1404-g4df0f3684d (webtiles) character file.

Game seed: 7762690854430590142

7 flotson the Ducker (level 1, 0/16 HPs)
             Began as a Demonspawn Gladiator on Jan 5, 2022.
             Slain by a kobold (3 damage)
             ... on level 1 of the Dungeon.
             The game lasted 00:00:26 (376 turns).

flotson the Ducker (Demonspawn Gladiator)            Turns: 376, Time: 00:00:27

Health: 0/16       AC:  4    Str: 14    XL:     1   Next: 83%
Magic:  1/1        EV: 12    Int:  9    God:
Gold:   8          SH:  0    Dex: 14    Spells: 0/0 levels left

rFire   . . .      SeeInvis .   a - +0 war axe
rCold   . . .      Faith    .   (no shield)
rNeg    . . .      Spirit   .   b - +0 leather armour
rPois   .          Reflect  .   c - +0 helmet
rElec   .          Harm     .   (no cloak)
rCorr   .          Rampage  .   (no gloves)
Will    .....                   (no boots)
Stlth   +.........              (no amulet)
HPRegen 0.05/turn               (no ring)
MPRegen 0.07/turn               (no ring)

@: no status effects
A: no striking features
a: no special abilities


You were on level 1 of the Dungeon.
You visited 1 branch of the dungeon, and saw 1 of its levels.

You collected 8 gold pieces.

Inventory:

Hand Weapons
 a - a +0 war axe (weapon)
Missiles
 d - 3 throwing nets (quivered)
Armour
 b - a +0 leather armour (worn)
 c - a +0 helmet (worn)
Scrolls
 e - a scroll of amnesia {unknown}
Potions
 f - a potion of flight {unknown}


   Skills:
 + Level 2.1 Fighting
 + Level 2.8 Axes
 + Level 1.9 Throwing
 + Level 0.3 Armour
 + Level 2.8 Dodging


You couldn't memorise any spells.
You didn't know any spells.
Your spell library was empty.

Dungeon Overview and Level Annotations

Branches:
Dungeon (1/15)

Altars:


Message History

You barely miss the kobold. You hit the kobold but do no damage.
The kobold hits you but does no damage. The kobold misses you.
The kobold closely misses you.
Unknown command.
You hit the kobold.
The kobold is severely wounded.
You hit the kobold. The kobold barely misses you.
The kobold hits you with a +0 club. The kobold hits you with a +0 whip.
Unknown command.
You closely miss the kobold.
The kobold is severely wounded.
You barely miss the quokka. You closely miss the kobold.
The quokka bites you but does no damage.
The kobold hits you but does no damage. x2; The quokka bites you.
Unknown command.
You are too injured to fight recklessly!
Unknown command.
You are too injured to fight recklessly!
The kobold misses you. The kobold closely misses you. The kobold misses you.
You closely miss the kobold.
The kobold is moderately wounded.
The kobold hits you with a +0 whip. The kobold hits you but does no damage.
You hit the kobold.
You kill the kobold!
The quokka closely misses you.
You closely miss the quokka. The quokka barely misses you.
You hit the quokka.
The quokka is severely wounded.
The quokka bites you.
* * * LOW HITPOINT WARNING * * *
The quokka closely misses you.
You barely miss the quokka.
The quokka is severely wounded.
The quokka misses you.
You hit the quokka.
You kill the quokka!
The kobold hits you with a +0 club.
You die...

....#######......
...................
#.................
#................
#................
#.....)..........
.........K##..
####>####.##.#
#.r#@# ##.#K# .#
#...# ..# ## ##.†#
..#... #..# .....
#..##.#.###
##.........
#......### ##...###


You could see a kobold.

Vanquished Creatures
  A goblin (D:1)
  2 hobgoblins (D:1)
  A quokka (D:1)
  2 kobolds (D:1)
  2 rats (D:1)
8 creatures vanquished.

Notes
Turn   | Place    | Note
-------+----------+-------------------------------------------
     0 | D:1      | flotson the Demonspawn Gladiator began the quest for the
                  | Orb.
     0 | D:1      | Reached XP level 1. HP: 16/16 MP: 1/1
   376 | D:1      | Slain by a kobold

Illustrated notes

Levels and vault maps discovered:
D:1:      onia_arrival_mini_maze, layout_basic,
          shapermc_ecumenical_altar_pompeii

Action                   || total
-------------------------++-------
Melee: War axe           ||    42
Armor: Leather armour    ||    17
Dodge: Dodged            ||    40

Table legend: (Time is in decaauts)
 A = Elapsed time spent in this place.
 B = Non-inter-level travel time spent in this place.
 C = Inter-level travel time spent in this place.
 D = Time resting spent in this place.
 E = Time spent auto-exploring this place.
 F = Levels seen in this place.
 G = Mean time per level.
                   A        B        C        D        E       F      G
               +--------+--------+--------+--------+--------+-----+--------+
         Total |    391 |    391 |      0 |      0 |    303 |   1 |  391.0 |
       Dungeon |    391 |    391 |      0 |      0 |    303 |   1 |  391.0 |
               +--------+--------+--------+--------+--------+-----+--------+

Top non-repeatable levels by time:
     D:1: 391 daAuts
